General information
- name: BNet
- type: Ladder team game (AT/RT)
- host: Battle.net
- saver: campbell-soup
map: TwilightRuins
- players: 8
- length: 40:10
- speed: Fast
- version: 1.26 W3XP
- replay type: Public
» download(246 KB)
Players
team 1 (loser)
Vous.TorcheLive (
red | 125 APM | 2312 actions | 18:29)
3 Shadow Hunter
2 Serpent Ward
1 Healing Wave
2 Pit Lord
1 Rain of Fire
1 Howl of Terror
» actions
| Assign group hotkey | 25 | |
| Basic commands | 19 | |
| Build / train | 106 | |
| ESC pressed | 1 | |
| Enter build submenu | 31 | |
| Enter hero's abilities submenu | 5 | |
| Give item / drop item | 1 | |
| Remove unit from queue | 15 | |
| Right click | 1000 | |
| Select / deselect | 345 | |
| Select group hotkey | 606 | |
| Use ability | 158 | |
2312 total
» units
| Peon | 12 | |
| Grunt | 5 | |
| Raider | 2 | |
| Goblin Shredder | 3 | |
| Spirit Walker | 1 | |
| Troll Batrider | 4 | |
27 total
» upgrades
| Ranged Weapons | 2 | |
| Berserker Strength | 1 | |
| Pillage | 1 | |
| Ensnare | 1 | |
| Spirit Walker Training | 1 | |
| Melee Weapons | 0 | |
| Armor | 2 | |
8 total
» buildings
| Altar of Storms | 1 | |
| Orc Burrow | 10 | |
| Voodoo Lounge | 2 | |
| Barracks | 1 | |
| War Mill | 3 | |
| Stronghold | 2 | |
| Great Hall | 1 | |
| Beastiary | 4 | |
| Spirit Lodge | 1 | |
| Fortress | 3 | |
| Watch Tower | 2 | |
30 total
» build order
00:14 Altar of Storms
00:18 Orc Burrow
00:44 Voodoo Lounge
01:02 Barracks
01:38 Orc Burrow
02:28 War Mill
02:45 Voodoo Lounge
03:17 Stronghold
04:44 Great Hall
05:17 Orc Burrow
06:47 Beastiary
06:51 Spirit Lodge
07:35 War Mill
10:55 Beastiary
10:58 Orc Burrow
12:22 War Mill
13:15 Fortress
13:15 Fortress
13:15 Fortress
13:45 Beastiary
14:21 Beastiary
15:27 Orc Burrow
15:31 Orc Burrow
15:49 Orc Burrow
16:09 Orc Burrow
16:42 Orc Burrow
16:45 Orc Burrow
17:03 Watch Tower
17:05 Watch Tower
» items
| Scroll of Speed | 1 | |
| Healing Salve | 4 | |
| Lesser Clarity Potion | 4 | |
| Scroll of Healing | 2 | |
| Scroll of Town Portal | 3 | |
| Orb of Lightning | 1 | |
15 total
death_king44 (
teal | 74 APM | 1151 actions | 15:37)
3 Blademaster
1 Wind Walk
2 Critical Strike
1 Shadow Hunter
1 Hex
1 Tauren Chieftain
1 War Stomp
» actions
| Assign group hotkey | 2 | |
| Basic commands | 230 | |
| Build / train | 56 | |
| ESC pressed | 5 | |
| Enter build submenu | 22 | |
| Enter hero's abilities submenu | 6 | |
| Give item / drop item | 4 | |
| Remove unit from queue | 1 | |
| Right click | 349 | |
| Select / deselect | 292 | |
| Select group hotkey | 107 | |
| Use ability | 77 | |
1151 total
» units
| Peon | 16 | |
| Grunt | 6 | |
| Shaman | 3 | |
| Tauren | 2 | |
27 total
» upgrades
| Shaman Training | 2 | |
| Armor | 1 | |
| Melee Weapons | 2 | |
| Pulverize | 1 | |
6 total
» buildings
| Altar of Storms | 1 | |
| Orc Burrow | 7 | |
| Barracks | 1 | |
| Voodoo Lounge | 2 | |
| Stronghold | 1 | |
| Great Hall | 1 | |
| Fortress | 1 | |
| War Mill | 1 | |
| Spirit Lodge | 1 | |
| Tauren Totem | 4 | |
20 total
» build order
00:07 Altar of Storms
00:09 Orc Burrow
00:33 Barracks
01:28 Orc Burrow
02:07 Voodoo Lounge
03:22 Stronghold
04:54 Orc Burrow
04:58 Great Hall
05:50 Orc Burrow
06:34 Fortress
07:10 War Mill
07:23 Spirit Lodge
09:02 Tauren Totem
09:03 Tauren Totem
10:36 Tauren Totem
10:37 Tauren Totem
10:50 Voodoo Lounge
12:05 Orc Burrow
12:20 Orc Burrow
15:01 Orc Burrow
» items
| Healing Salve | 2 | |
| Potion of Healing | 5 | |
| Lesser Clarity Potion | 1 | |
| Orb of Lightning | 2 | |
| Scroll of Town Portal | 2 | |
12 total
Hellkitten (
yellow | 25 APM | 412 actions | 16:12)
2 Shadow Hunter
1 Serpent Ward
1 Healing Wave
1 Pit Lord
1 Howl of Terror
» actions
| Assign group hotkey | 6 | |
| Basic commands | 1 | |
| Build / train | 31 | |
| Enter build submenu | 8 | |
| Enter hero's abilities submenu | 3 | |
| Remove unit from queue | 4 | |
| Right click | 156 | |
| Select / deselect | 127 | |
| Select group hotkey | 28 | |
| Use ability | 48 | |
412 total
» units
| Peon | 6 | |
| Grunt | 8 | |
| Spirit Walker | 1 | |
15 total
» upgrades
| Berserker Strength | 1 | |
| Melee Weapons | 1 | |
| Armor | 1 | |
| Spirit Walker Training | 1 | |
4 total
» buildings
| Altar of Storms | 1 | |
| Orc Burrow | 4 | |
| Barracks | 1 | |
| Stronghold | 1 | |
| War Mill | 1 | |
| Spirit Lodge | 1 | |
| Fortress | 1 | |
| Tauren Totem | 1 | |
11 total
» build order
00:10 Altar of Storms
00:20 Orc Burrow
00:25 Barracks
02:38 Orc Burrow
04:58 Stronghold
05:22 War Mill
07:23 Spirit Lodge
07:35 Fortress
13:35 Tauren Totem
13:49 Orc Burrow
13:50 Orc Burrow
Flamechampion23 (
blue | 91 APM | 3635 actions | 40:08)
8 Archmage
2 Summon Water Elemental
3 Brilliance Aura
2 Blizzard
1 Mass Teleport
6 Blood Mage
3 Flame Strike
2 Banish
1 Summon Phoenix
» actions
| Assign group hotkey | 103 | |
| Basic commands | 94 | |
| Build / train | 219 | |
| ESC pressed | 6 | |
| Enter build submenu | 55 | |
| Enter hero's abilities submenu | 13 | |
| Give item / drop item | 30 | |
| Right click | 1323 | |
| Select / deselect | 537 | |
| Select group hotkey | 880 | |
| Use ability | 375 | |
3635 total
» units
| Peasant | 14 | |
| Footman | 4 | |
| Goblin Shredder | 3 | |
| Sorceress | 2 | |
| Dragonhawk Rider | 6 | |
| Gryphon Rider | 5 | |
34 total
» upgrades
| Masonry | 3 | |
| Swords | 3 | |
| Lumber Harvesting | 2 | |
| Armor | 3 | |
| Sorceress Training | 2 | |
| Magic Sentry | 1 | |
| Storm Hammers | 1 | |
| Cloud | 1 | |
| Reinforced Defenses | 1 | |
| Spiked Barricades | 1 | |
| Animal War Training | 1 | |
| Priest Training | 2 | |
| Control Magic | 1 | |
| Defend | 1 | |
| Long Rifles | 1 | |
| Backpack | 1 | |
| Plating | 2 | |
| Gunpowder | 1 | |
28 total
» buildings
| Altar of Kings | 1 | |
| Barracks | 1 | |
| Farm | 8 | |
| Lumber Mill | 1 | |
| Arcane Vault | 1 | |
| Town Hall | 4 | |
| Keep | 2 | |
| Blacksmith | 1 | |
| Scout Tower | 43 | |
| Guard Tower | 68 | |
| Arcane Sanctum | 1 | |
| Gryphon Aviary | 5 | |
| Castle | 3 | |
139 total
» build order
00:59 Altar of Kings
01:01 Barracks
01:03 Farm
01:06 Farm
01:42 Lumber Mill
01:46 Farm
02:19 Arcane Vault
03:16 Farm
03:57 Town Hall
05:28 Keep
05:28 Keep
06:35 Blacksmith
07:06 Scout Tower
07:06 Scout Tower
07:07 Scout Tower
07:08 Scout Tower
07:10 Scout Tower
07:12 Scout Tower
07:13 Scout Tower
07:14 Scout Tower
07:41 Guard Tower
08:09 Arcane Sanctum
08:12 Guard Tower
08:12 Guard Tower
08:12 Guard Tower
08:13 Guard Tower
08:13 Guard Tower
08:33 Gryphon Aviary
08:37 Gryphon Aviary
08:42 Castle
08:43 Castle
08:46 Scout Tower
08:47 Scout Tower
08:48 Scout Tower
08:49 Scout Tower
09:21 Guard Tower
09:21 Guard Tower
09:21 Guard Tower
09:22 Guard Tower
09:22 Guard Tower
09:23 Guard Tower
09:23 Guard Tower
09:58 Guard Tower
09:58 Guard Tower
09:58 Guard Tower
11:22 Farm
11:27 Farm
15:14 Gryphon Aviary
15:17 Gryphon Aviary
15:19 Gryphon Aviary
16:38 Scout Tower
16:39 Scout Tower
16:39 Scout Tower
16:40 Scout Tower
16:41 Scout Tower
16:41 Scout Tower
16:42 Scout Tower
16:43 Scout Tower
16:44 Scout Tower
16:46 Scout Tower
16:53 Scout Tower
16:54 Scout Tower
16:54 Scout Tower
16:55 Scout Tower
16:56 Scout Tower
16:57 Scout Tower
16:58 Scout Tower
16:59 Scout Tower
17:00 Scout Tower
17:28 Guard Tower
17:28 Guard Tower
17:29 Guard Tower
17:29 Guard Tower
17:30 Guard Tower
17:48 Guard Tower
17:48 Guard Tower
17:49 Guard Tower
17:50 Guard Tower
17:50 Guard Tower
17:51 Guard Tower
17:53 Guard Tower
17:53 Guard Tower
18:19 Guard Tower
18:19 Guard Tower
18:22 Guard Tower
18:22 Guard Tower
18:22 Guard Tower
22:37 Town Hall
23:28 Farm
23:31 Scout Tower
23:32 Scout Tower
23:32 Scout Tower
23:34 Scout Tower
23:35 Scout Tower
23:36 Scout Tower
23:38 Scout Tower
23:39 Scout Tower
23:40 Scout Tower
23:40 Scout Tower
23:41 Scout Tower
23:44 Scout Tower
23:54 Farm
24:04 Guard Tower
24:05 Guard Tower
24:28 Guard Tower
24:28 Guard Tower
24:55 Guard Tower
24:55 Guard Tower
24:55 Guard Tower
25:00 Guard Tower
25:00 Guard Tower
25:01 Guard Tower
25:01 Guard Tower
25:01 Guard Tower
25:01 Guard Tower
28:05 Town Hall
36:21 Town Hall
» items
| Scroll of Regeneration | 11 | |
| Boots of Speed | 2 | |
| Staff of Teleportation | 2 | |
| Periapt of Vitality | 2 | |
| Mantle of Intelligence +3 | 1 | |
| Talisman of Evasion | 1 | |
| Pendant of Energy | 1 | |
| Lesser Clarity Potion | 6 | |
| Scroll of Town Portal | 4 | |
| Staff of Sanctuary | 1 | |
| Tome of Retraining | 1 | |
| Potion of Invisibility | 1 | |
| Potion of Mana | 1 | |
| Potion of Healing | 1 | |
| Mechanical Critter | 1 | |
36 total
team 2 (winner)
forfunnow (
purple | 86 APM | 2813 actions | 32:52)
8 Keeper of the Grove
3 Force of Nature
3 Entangling Roots
1 Tranquility
1 Thorns Aura
» actions
| Assign group hotkey | 34 | |
| Build / train | 85 | |
| ESC pressed | 1 | |
| Enter build submenu | 23 | |
| Enter hero's abilities submenu | 8 | |
| Right click | 1223 | |
| Select / deselect | 304 | |
| Select group hotkey | 1039 | |
| Use ability | 96 | |
2813 total
» units
| Wisp | 25 | |
| Huntress | 7 | |
| Hippogryph | 15 | |
| Archer | 15 | |
62 total
» upgrades
| Strength of the Moon | 3 | |
| Moon Armor | 3 | |
| Hippogryph Taming | 1 | |
| Improved Bows | 1 | |
| Marksmanship | 1 | |
9 total
» buildings
| Altar of Elders | 1 | |
| Moon Well | 9 | |
| Hunter's Hall | 1 | |
| Ancient of War | 2 | |
| Ancient of Wonders | 1 | |
| Tree of Ages | 1 | |
| Ancient of Wind | 2 | |
| Tree of Life | 3 | |
| Ancient Protector | 1 | |
| Tree of Eternity | 1 | |
22 total
» build order
00:10 Altar of Elders
00:24 Moon Well
01:28 Hunter's Hall
01:45 Ancient of War
02:01 Moon Well
02:20 Ancient of War
02:32 Ancient of Wonders
02:46 Moon Well
05:30 Tree of Ages
07:06 Moon Well
07:53 Ancient of Wind
07:59 Ancient of Wind
08:05 Moon Well
08:30 Tree of Life
12:25 Moon Well
13:21 Moon Well
13:42 Ancient Protector
14:17 Tree of Eternity
18:30 Moon Well
27:26 Tree of Life
29:18 Tree of Life
31:36 Moon Well
» items
i_may_leave (
green | 76 APM | 3056 actions | 40:08)
4 Mountain King
2 Storm Bolt
2 Bash
2 Paladin
1 Holy Light
1 Divine Shield
1 Archmage
1 Blizzard
» actions
| Assign group hotkey | 45 | |
| Basic commands | 68 | |
| Build / train | 110 | |
| ESC pressed | 2 | |
| Enter build submenu | 48 | |
| Enter hero's abilities submenu | 7 | |
| Give item / drop item | 2 | |
| Right click | 1130 | |
| Select / deselect | 407 | |
| Select group hotkey | 1137 | |
| Use ability | 100 | |
3056 total
» units
| Peasant | 10 | |
| Rifleman | 8 | |
| Goblin Shredder | 1 | |
| Goblin Zeppelin | 5 | |
| Mortar Team | 7 | |
| Flying Machine | 18 | |
49 total
» upgrades
| Armor | 3 | |
| Long Rifles | 1 | |
| Gunpowder | 3 | |
| Flare | 1 | |
| Masonry | 3 | |
| Cloud | 1 | |
| Animal War Training | 1 | |
| Magic Sentry | 1 | |
| Plating | 2 | |
16 total
» buildings
| Farm | 14 | |
| Blacksmith | 1 | |
| Barracks | 1 | |
| Altar of Kings | 1 | |
| Scout Tower | 15 | |
| Arcane Tower | 4 | |
| Arcane Vault | 3 | |
| Lumber Mill | 1 | |
| Town Hall | 1 | |
| Keep | 1 | |
| Workshop | 2 | |
| Castle | 1 | |
| Guard Tower | 7 | |
| Gryphon Aviary | 1 | |
| Arcane Sanctum | 1 | |
54 total
» build order
00:51 Farm
01:05 Blacksmith
01:21 Barracks
01:31 Altar of Kings
01:38 Farm
02:12 Scout Tower
02:17 Farm
02:21 Farm
02:48 Arcane Tower
03:07 Arcane Vault
03:30 Lumber Mill
04:16 Farm
05:18 Scout Tower
05:25 Town Hall
05:47 Arcane Tower
06:15 Keep
07:11 Farm
08:32 Scout Tower
08:47 Workshop
08:51 Farm
09:56 Castle
10:14 Workshop
10:15 Farm
10:35 Guard Tower
10:36 Scout Tower
10:49 Farm
10:59 Scout Tower
11:05 Guard Tower
11:07 Scout Tower
11:27 Farm
11:29 Gryphon Aviary
11:46 Arcane Tower
11:54 Guard Tower
11:56 Scout Tower
13:12 Farm
13:20 Farm
13:30 Guard Tower
13:31 Arcane Vault
13:49 Farm
14:24 Scout Tower
14:36 Scout Tower
14:51 Farm
16:00 Guard Tower
16:38 Scout Tower
16:57 Scout Tower
17:12 Arcane Vault
17:39 Arcane Tower
17:43 Arcane Sanctum
18:13 Scout Tower
18:40 Scout Tower
19:02 Scout Tower
19:56 Guard Tower
19:57 Scout Tower
20:17 Guard Tower
» items
| Scroll of Regeneration | 5 | |
| Boots of Speed | 1 | |
| Scroll of Town Portal | 4 | |
| Potion of Healing | 2 | |
| Lesser Clarity Potion | 3 | |
| Orb of Fire | 1 | |
16 total

»
DETHDAYBIRTHDAY (
orange | 32 APM | 1056 actions | 32:43)
6 Lich
3 Frost Nova
2 Frost Armor
1 Death and Decay
» actions
| Assign group hotkey | 15 | |
| Basic commands | 13 | |
| Build / train | 54 | |
| Enter build submenu | 11 | |
| Enter hero's abilities submenu | 6 | |
| Remove unit from queue | 1 | |
| Right click | 464 | |
| Select / deselect | 275 | |
| Select group hotkey | 187 | |
| Use ability | 30 | |
1056 total
» units
| Acolyte | 7 | |
| Ghoul | 15 | |
| Crypt Fiend | 2 | |
| Gargoyle | 9 | |
33 total
» upgrades
| Creature Attack | 3 | |
| Creature Carapace | 3 | |
| Stone Form | 1 | |
7 total
» buildings
| Crypt | 2 | |
| Ziggurat | 5 | |
| Altar of Darkness | 1 | |
| Graveyard | 1 | |
| Spirit Tower | 1 | |
| Halls of the Dead | 1 | |
| Black Citadel | 1 | |
12 total
» build order
00:38 Crypt
00:41 Ziggurat
00:53 Altar of Darkness
01:22 Ziggurat
02:21 Graveyard
03:01 Ziggurat
04:43 Spirit Tower
05:15 Halls of the Dead
07:46 Crypt
11:26 Ziggurat
11:29 Ziggurat
13:28 Black Citadel
» items
| Moonstone | 1 | |
| Potion of Healing | 1 | |
| Scroll of Town Portal | 1 | |
3 total
campbell-soup (
pink | 59 APM | 2366 actions | 40:10)
7 Archmage
3 Summon Water Elemental
2 Brilliance Aura
1 Blizzard
1 Mass Teleport
» actions
| Assign group hotkey | 42 | |
| Basic commands | 240 | |
| Build / train | 94 | |
| Enter build submenu | 25 | |
| Enter hero's abilities submenu | 7 | |
| Give item / drop item | 3 | |
| Right click | 703 | |
| Select / deselect | 354 | |
| Select group hotkey | 740 | |
| Use ability | 158 | |
2366 total
» units
| Peasant | 11 | |
| Footman | 5 | |
| Goblin Shredder | 2 | |
| Gryphon Rider | 5 | |
| Goblin Sapper | 15 | |
38 total
» upgrades
| Masonry | 3 | |
| Swords | 3 | |
| Armor | 3 | |
| Storm Hammers | 1 | |
| Animal War Training | 1 | |
| Cloud | 1 | |
12 total
» buildings
| Altar of Kings | 1 | |
| Barracks | 1 | |
| Farm | 12 | |
| Scout Tower | 28 | |
| Arcane Tower | 1 | |
| Arcane Vault | 1 | |
| Lumber Mill | 2 | |
| Town Hall | 2 | |
| Keep | 2 | |
| Guard Tower | 10 | |
| Castle | 2 | |
| Gryphon Aviary | 4 | |
| Blacksmith | 1 | |
67 total
» build order
00:07 Altar of Kings
00:24 Barracks
00:36 Farm
00:50 Farm
01:33 Scout Tower
01:39 Farm
02:21 Arcane Tower
02:25 Arcane Vault
02:57 Lumber Mill
04:11 Town Hall
04:24 Farm
06:07 Keep
06:20 Scout Tower
06:21 Scout Tower
06:21 Scout Tower
06:22 Scout Tower
06:24 Scout Tower
06:28 Scout Tower
06:55 Guard Tower
07:12 Scout Tower
07:13 Scout Tower
07:14 Scout Tower
07:14 Scout Tower
07:15 Scout Tower
07:19 Scout Tower
07:19 Scout Tower
07:20 Scout Tower
07:20 Scout Tower
07:45 Guard Tower
07:48 Guard Tower
08:04 Guard Tower
08:14 Guard Tower
08:34 Guard Tower
08:34 Castle
08:41 Gryphon Aviary
09:09 Blacksmith
09:18 Gryphon Aviary
09:24 Gryphon Aviary
09:32 Farm
09:33 Farm
09:33 Farm
09:34 Farm
10:02 Farm
11:42 Lumber Mill
12:16 Scout Tower
12:16 Scout Tower
12:16 Scout Tower
12:18 Scout Tower
12:18 Scout Tower
12:18 Scout Tower
13:31 Keep
13:54 Guard Tower
14:03 Farm
14:03 Farm
14:03 Farm
14:39 Gryphon Aviary
16:21 Scout Tower
16:21 Scout Tower
16:22 Scout Tower
16:23 Scout Tower
16:25 Scout Tower
16:25 Scout Tower
17:07 Guard Tower
17:08 Guard Tower
17:16 Castle
19:14 Town Hall
19:31 Guard Tower
» items
| Scroll of Regeneration | 4 | |
| Lesser Clarity Potion | 3 | |
| Mechanical Critter | 2 | |
| Scroll of Town Portal | 2 | |
| Tome of Retraining | 1 | |
| Potion of Lesser Invulnerability | 1 | |
| Staff of Teleportation | 1 | |
14 total
Chat log
(00:33 / Allies) i_may_leave: better hurry 3 orcs
(00:42 / Allies) campbell-soup: griffs here
(00:56 / Allies) i_may_leave: rif
(01:18 / Allies) campbell-soup: get melee someone
(01:56 / Allies) forfunnow: rush?
(01:59 / Allies) campbell-soup: cc
(04:06 / Allies) campbell-soup: wood plz
(06:12 / All) DETHDAYBIRTHDAY: ?
(07:30 / Allies) campbell-soup: wood plz
(10:07 / All) Flamechampion23: I see the artificial noob elf night
(11:27 / Allies) campbell-soup: wood plz pumping 100 griffs now
(12:18 / Allies) forfunnow: hit this?
(12:24 / Allies) campbell-soup: yes
(12:26 / Allies) campbell-soup: meet to hit teal
(14:27 / Allies) forfunnow: ome?
(14:43 / All) DETHDAYBIRTHDAY: purps bonin you teal
(14:55 / All) death_king44: im gettin Dp'd over here
(16:10 / All) Flamechampion23: got every mortar
(16:11 / All) Flamechampion23: with 2 heroes
(16:21 / All) i_may_leave: qq
(18:45 / All) campbell-soup: die blue u nigger
(19:04 / All) Flamechampion23: lmao
(19:07 / All) Flamechampion23: 2 heroes!
(19:11 / Allies) i_may_leave: qq
(19:16 / All) i_may_leave: qq
(19:33 / All) Flamechampion23: alt+qq is what you'll be doing when I'm through with all of you
(19:36 / All) i_may_leave: qq
(20:37 / All) i_may_leave: stupid
(20:47 / All) campbell-soup: lol
(21:45 / All) Flamechampion23: stupid
(21:52 / All) Flamechampion23: lmao
(22:04 / All) Flamechampion23: How's it feel buddy boy green?
(22:10 / All) Flamechampion23: Are you going to leave yet?
(22:10 / All) i_may_leave: pink is mad
(22:16 / All) Flamechampion23: You're mad
(23:16 / All) campbell-soup: goa head and waste resource son copters
(23:17 / All) campbell-soup: retard
(23:27 / All) i_may_leave: i hurt pink deeply
(25:36 / Allies) i_may_leave: pink gonna kill u nub
(25:44 / All) campbell-soup: purple
(25:46 / All) campbell-soup: green was tking
(25:59 / Allies) i_may_leave: idiot
(26:04 / Allies) forfunnow: lete's finish this
(26:19 / Allies) i_may_leave: spambot for life now
(26:49 / Allies) i_may_leave: haha
(26:57 / Allies) i_may_leave: purple fool thats what u get
(27:21 / Allies) i_may_leave: brb
(27:32 / All) Flamechampion23: lol
(27:40 / All) Flamechampion23: Do you think you are winning, purple?
(28:10 / All) campbell-soup: his deer is behind ur big army lol
(29:00 / All) Flamechampion23: nice wells
(29:26 / Allies) forfunnow: why pink is not help?
(29:30 / All) campbell-soup: cuz i
(29:33 / All) campbell-soup: was dealing with green
(29:34 / All) campbell-soup: and oj
(29:35 / All) campbell-soup: they tked
(29:36 / All) Flamechampion23: I forgot the bestiality upgrade
(29:38 / All) Flamechampion23: no wonder
(29:48 / Allies) DETHDAYBIRTHDAY: i didn't tk
(29:56 / All) campbell-soup: u did u heathen dog
(30:06 / Allies) DETHDAYBIRTHDAY: nope didn't
(30:33 / All) Flamechampion23: hero focusing faggot
(30:40 / All) DETHDAYBIRTHDAY: lol
(30:51 / All) DETHDAYBIRTHDAY: not aloud to target heroes bro you know thast
(31:25 / Allies) forfunnow: help?
(31:37 / Allies) campbell-soup: i am
(31:42 / Allies) campbell-soup: have to deal with the tker
(31:57 / All) Flamechampion23: tp staff
(32:06 / All) campbell-soup: shit
(32:24 / All) campbell-soup: dead bambi lol
(33:00 / All) campbell-soup: green was pretty arrogant
(33:03 / All) Flamechampion23: Are you having as much fun as I am purple?
(33:14 / All) Flamechampion23: lol
(33:31 / All) Flamechampion23: His name kind of implies he plays for fun, I hope he had a lot of it this time around
(34:24 / All) campbell-soup: green is one of those players who will stay to spite us
(34:30 / All) campbell-soup: classless to be honest
(35:13 / All) campbell-soup: he would fight to the last copter
(35:19 / All) campbell-soup: even if they do like 1 damage
(35:46 / All) Flamechampion23: I like using invisibility on reinforcements and stuff I'm sending back to my army after I staff it to heal it
(35:51 / All) Flamechampion23: saves it getting intercepted and killed
(35:54 / All) Flamechampion23: or bad pathing and shit
(36:14 / All) campbell-soup: a smart cautious idea
(36:23 / All) campbell-soup: i always forget to make the sorc building
(36:31 / All) Flamechampion23: I always make one if I go AM or BM
(36:52 / All) campbell-soup: wut would be th epoint of me attacking greens zepplins?
(37:03 / All) Flamechampion23: He had units in them going to your base
(37:06 / All) Flamechampion23: You could have killed them with towers
(37:08 / All) i_may_leave: haha still here? keep up the good work
(37:20 / All) campbell-soup: green was "afK' all this time blue
(37:20 / All) Flamechampion23: I tried to kill them with my meager 50 food army but I messed up a cloud
(37:36 / All) i_may_leave: brb work hard
(37:45 / All) campbell-soup: i wasnt watching i was hitting teals base i think
(38:10 / All) Flamechampion23: I have 2 pendants on my bm
(38:12 / All) Flamechampion23: 855 mana
(38:22 / All) campbell-soup: kind of useless with archmage aura lolz
(38:33 / All) Flamechampion23: It can still run out with lvl 2 aura
(38:37 / All) Flamechampion23: lvl 3 aura is the infinite mana one
(38:49 / All) campbell-soup: wow
(38:49 / All) Flamechampion23: but that still can too if you are using flame strike enough when invisiharassing
(38:52 / All) campbell-soup: i sent a critter
(39:00 / All) campbell-soup: to left side of map and its all the way to ur base
(39:09 / All) Flamechampion23: I wonder if you can invis critters
(39:17 / All) campbell-soup: i think u can
(39:18 / All) Flamechampion23: You can, sweet
(39:28 / All) Flamechampion23: Would be useful if I make one when I have a sorc to make sure no one kills it on its way
(39:35 / All) Flamechampion23: then it just appears and looks like an ordinary critter
(39:48 / All) Flamechampion23: unless they notice it appearing then they'd think it's fucked up
(39:50 / All) campbell-soup: may i end this game sir
(39:58 / All) Flamechampion23: I remember when they added hermit crab, goblin tinkers and shit in a patch
(39:59 / All) Flamechampion23: yeah go ahead